 Dungeon Crawl Stone Soup version 0.27.1-2-g3b301248ec (webtiles) character file.

Game seed: 9031579164640558352

135 SibleyIrresistible the Gusty (level 5, -1/31 HPs)
             Began as a Tengu Air Elementalist on Sept 26, 2021.
             Slain by Grinder (9 damage)
             ... while paralysed by Grinder
             ... on level 3 of the Dungeon.
             The game lasted 00:09:27 (3746 turns).

SibleyIrresistible the Gusty (TeAE)                 Turns: 3746, Time: 00:09:27

Health: -1/31      AC:  2    Str:  8    XL:     5   Next: 18%
Magic:  1/9        EV:  2    Int: 16    God:
Gold:   132        SH:  0    Dex: 15    Spells: 7/8 levels left

rFire    . . .     SeeInvis .   (no weapon)
rCold    . . .     Faith    .   (no shield)
rNeg     . . .     Spirit   .   a - +0 robe
rPois    .         Reflect  .   (helmet restricted)
rElec    .         Harm     .   (no cloak)
rCorr    .         Rampage  .   (no gloves)
Will     .....                  (boots unavailable)
Stlth    ++........             (no amulet)
HPRegen  0.10/turn              h - +4 ring of slaying
MPRegen  0.11/turn              (no ring)

@: paralysed, flying quickly and evasively, quick
A: beak, talons 3, nimble flight
a: no special abilities


You were on level 3 of the Dungeon.
You visited 1 branch of the dungeon, and saw 3 of its levels.

You collected 132 gold pieces.

Inventory:

Armour
 a - a +0 robe (worn)
Jewellery
 h - a +4 ring of slaying (left hand)
Scrolls
 d - 5 scrolls of identify {unknown}
 e - a scroll of enchant armour {unknown}
 f - a scroll of enchant weapon {unknown}
 g - a scroll of teleportation {unknown}
 i - a scroll of blinking {unknown}
Potions
 b - a potion of invisibility {unknown}
 c - 4 potions of curing {unknown}
 j - a potion of flight {unknown}
 k - 2 potions of attraction {unknown}
 l - a potion of degeneration {unknown}
 m - a potion of berserk rage {unknown}
 n - a potion of heal wounds {unknown}


   Skills:
 + Level 2.3 Fighting
 - Level 2.1 Dodging
 - Level 2.0 Stealth
 - Level 2.0 Spellcasting
 - Level 1.3 Conjurations
 * Level 6.6 Air Magic


You had 7 spell levels left.
You knew the following spells:

 Your Spells              Type           Power      Damage    Failure   Level
a - Shock                 Conj/Air       56%        1d6       4%          1

Your spell library contained the following spells:

 Spells                   Type           Power      Damage    Failure   Level
 Swiftness                Air            22%        N/A       4%          3
 Static Discharge         Conj/Air       14%        N/A       6%          2
 Airstrike                Air            11%        N/A       13%         4


Dungeon Overview and Level Annotations

Branches:
Dungeon (3/15)

Altars:

Annotations:
D:3 Grinder


Innate Abilities, Weirdness & Mutations

You have a beak for a mouth.
You have claws for feet.
Your magical nature lets you fly swiftly and evasively.


Message History

Grinder gestures at you.
You barely resist.
Casting: Shock (safe; 4% risk of failure)
Confirm with . or Enter, or press ? or * to list all spells.
Aiming: Shock (safe; 4% risk of failure)
Press: ? - help, Shift-Dir - straight line, p - Grinder The zap hits Grinder but does no damage.
Grinder is moderately wounded.
The zap hits Grinder.
Grinder is heavily wounded.
Grinder blinks!
You start resting.
Grinder is nearby!
Casting: Shock (safe; 4% risk of failure)
Confirm with . or Enter, or press ? or * to list all spells.
Aiming: Shock (safe; 4% risk of failure)
Press: ? - help, Shift-Dir - straight line The zap hits Grinder.
Grinder is heavily wounded.
The zap hits Grinder.
Grinder is heavily wounded.
Unknown command.
Casting: Shock (safe; 4% risk of failure)
Confirm with . or Enter, or press ? or * to list all spells.
Aiming: Shock (safe; 4% risk of failure)
Press: ? - help, Shift-Dir - straight line The zap hits Grinder.
Grinder is severely wounded.
The zap misses Grinder.
Grinder gestures at you.
You suddenly lose the ability to move!
Grinder hits you!
You writhe in agony.
Grinder says, "Don't move a muscle."
Grinder hits you but does no damage. Grinder hits you.
You writhe in agony.
Grinder hits you.
* * * LOW HITPOINT WARNING * * *
You writhe in agony.
* * * LOW HITPOINT WARNING * * *
Grinder hits you!
You die...

#.# #.###.# # #†#
#.....# # #.# #..####
# #.# #..# # #5#
#..######. # #.#
#......... # #.#
##.#########
#†#########..........
#..5@...........####.
###############.####.
#.##... #......
####.#. #.#. ###.#.
#..... ########.....


You could see Grinder (fast).

Vanquished Creatures
  Robin (D:2)
  4 adders
  2 dart slugs
  An orc (D:3)
  7 ball pythons
  6 endoplasms
  5 giant cockroaches
  17 goblins
  6 hobgoblins
  7 kobolds
  3 quokkas
  5 bats
  4 frilled lizards
  8 rats
76 creatures vanquished.

Notes
Turn   | Place    | Note
-------+----------+-------------------------------------------
     0 | D:1      | SibleyIrresistible the Tengu Air Elementalist began the
                  | quest for the Orb.
     0 | D:1      | Reached XP level 1. HP: 10/10 MP: 4/4
   300 | D:1      | Reached XP level 2. HP: 16/16 MP: 0/6
   613 | D:1      | Reached skill level 1 in Fighting
   848 | D:1      | Reached skill level 5 in Air Magic
   871 | D:1      | Reached XP level 3. HP: 20/20 MP: 0/7
  1317 | D:2      | Noticed Robin
  1505 | D:2      | Killed Robin
  1626 | D:2      | Reached XP level 4. HP: 26/26 MP: 3/8
  2173 | D:2      | Reached skill level 6 in Air Magic
  3012 | D:3      | Gained mutation: Your magical nature lets you fly swiftly
                  | and evasively. [Tengu growth]
  3012 | D:3      | Reached XP level 5. HP: 26/30 MP: 4/9
  3719 | D:3      | Noticed Grinder
  3742 | D:3      | Paralysed by Grinder for 5 turns
  3746 | D:3      | Slain by Grinder

Illustrated notes

Levels and vault maps discovered:
D:1:      lemuel_arrival_river_ford, layout_basic
D:2:      layout_loops_ring, uniq_robin
D:3:      layout_loops_ring, uniq_grinder

Skill      XL: |  1  2  3  4 |
---------------+-------------+-----
Fighting       | 1 2 |  2.3
Air Magic      | 5 6 |  6.6
Dodging        | |  2.1
Stealth        | |  2.0
Spellcasting   | |  2.0
Conjurations   | |  1.3

Action                   |  1- 3 |  4- 6 || total
-------------------------+-------+-------++-------
Melee: Unarmed           |    24 |    10 ||    34
       Kick              |     4 |     1 ||     5
       Peck              |     2 |     1 ||     3
 Cast: Shock             |    73 |    93 ||   166
Armor: Robe              |     6 |     2 ||     8
Dodge: Dodged            |    27 |    14 ||    41
